 Dungeon Crawl Stone Soup version 0.21-a0-243-g597973d (webtiles) character file.

29225 brickhouse the Basher (level 13, -7/83 HPs)
             Began as a Gargoyle Fighter on Sept 4, 2017.
             Was the Champion of Makhleb.
             Mangled by an acid blob (16 damage)
             ... on level 5 of the Lair of Beasts.
             The game lasted 00:33:30 (16358 turns).

brickhouse the Basher (Gargoyle Fighter)           Turns: 16358, Time: 00:33:31

Health: -7/83      AC: 26    Str: 21    XL:     13   Next: 43%
Magic:  20/20      EV: 10    Int: 28    God:    Makhleb [******]
Gold:   1040       SH: 13    Dex: 24    Spells: 12/12 levels left

rFire    + . .     SeeInvis .   l - +3 eveningstar (flame)
rCold    . . .     Gourm    .   c - +0 shield
rNeg     + . .     Faith    .   E - +0 plate armour
rPois    ∞         Spirit   .   r - +2 helmet {Int+3}
rElec    +         Reflect  .   v - +2 cloak {MR+}
rCorr    +         Harm     .   p - +2 pair of gloves
MR       ++...                  (no boots)
Stlth    ..........             b - amulet of Ojueriqoba {*Corrode rPois rF+ Regen+ Int+4}
HPRegen  1.03/turn              m - ring of resist corrosion
MPRegen  0.17/turn              s - ring of Symmetry {rPois MR+ Int+10 Dex+4 Stlth-}

@: agile, corroded
A: agile 2, negative energy resistance 1, regeneration 1, electricity
resistance, wild magic 1, unbreathing, evolution 1, petrification resistance, no
potion heal 1, rot immunity, AC +9
a: Minor Destruction, Lesser Servant of Makhleb, Major Destruction, Greater
Servant of Makhleb, Renounce Religion


You were on level 5 of the Lair of Beasts.
You worshipped Makhleb.
Makhleb was exalted by your worship.
You were not hungry.

You visited 2 branches of the dungeon, and saw 16 of its levels.
You also visited: Sewer and Volcano.

You collected 1287 gold pieces.
You spent 247 gold pieces at shops.

Inventory:

Hand Weapons
 l - a +3 eveningstar of flaming (weapon)
Missiles
 g - 7 javelins of penetration
 h - 482 stones (quivered)
 U - a throwing net
Armour
 c - a +0 shield (worn)
 p - a +2 pair of gloves (worn)
 r - a +2 helmet of intelligence (worn)
 v - a +2 cloak of magic resistance (worn)
 E - a +0 plate armour (worn)
Jewellery
 b - the amulet of Ojueriqoba (around neck) {*Corrode rPois rF+ Regen+ Int+4}
   (You found it on level 8 of the Dungeon)

   [amulet of regeneration]

   It affects your intelligence (+4).
   It protects you from fire.
   It protects you from poison.
   It increases your rate of regeneration.
   It may corrode you when you take damage.
 m - a ring of resist corrosion (left hand)
 s - the ring of Symmetry (right hand) {rPois MR+ Int+10 Dex+4 Stlth-}
   (You acquired it in a volcano)

   [ring of protection from magic]

   It affects your intelligence (+10).
   It affects your dexterity (+4).
   It protects you from poison.
   It affects your resistance to hostile enchantments.
   It makes you less stealthy.
 t - an uncursed ring of fire
 D - an uncursed ring of flight
 J - an uncursed ring of protection from cold
 S - an uncursed ring of ice
 T - an uncursed ring of teleportation
Wands
 B - a wand of iceblast (15/15)
 K - a wand of paralysis (5/24)
 N - a wand of confusion (24/48)
 P - a wand of digging (9/24)
 R - a wand of flame (29/48)
 V - a wand of paralysis (0/24)
 Y - a wand of polymorph (7/24)
Scrolls
 d - a scroll of fog
 e - 5 scrolls of remove curse
 n - a scroll of amnesia
 u - 3 scrolls of magic mapping
 y - a scroll of recharging
 I - 9 scrolls of teleportation
 Q - a scroll of summoning {unknown}
Potions
 k - 2 potions of mutation
 q - 5 potions of flight
 w - a potion of cancellation
 x - 3 potions of agility
 z - 2 potions of lignification
 A - 5 potions of curing
 L - a potion of resistance
Books
 o - a book of Maledictions

   Spells                             Type                      Level
   a - Corona                         Hexes                        1
   b - Ensorcelled Hibernation        Hexes/Ice                    2
   c - Confuse                        Hexes                        3
   d - Tukima's Dance                 Hexes                        3
   e - Dazzling Spray                 Conjuration/Hexes            3
Comestibles
 a - 4 chunks of flesh
 f - 7 bread rations
 i - 17 fruits
 j - 7 royal jellies
 M - 6 meat rations


   Skills:
 + Level 10.7 Fighting
 * Level 13.6 Maces & Flails
 + Level 10.9 Armour
 - Level 9.0 Shields
 + Level 10.1 Invocations


You had 12 spell levels left.
You didn't know any spells.

Dungeon Overview and Level Annotations

Branches:
Dungeon (11/15)              Lair (5/6) D:8          Shoals (0/4) Lair:2
  Snake (0/4) Lair:2        Slime (0/5) Lair:5
 Temple: D:4-7          Orc: D:9-12

Altars:
Ashenzari
Cheibriados
Kikubaaqudgha
Makhleb
Ru
Sif Muna
Trog
Uskayaw
Wu Jian
Yredelemnul
The Shining One
Jiyva

Shops:
D:4 [   D:10 [

Annotations:
Lair:3 exclusion: oklob plant


Innate Abilities, Weirdness & Mutations

You are resistant to torment.
Your stone body is resilient. (AC +9)
You are immune to poison.
You resist negative energy. (rN+)
You are resistant to electric shocks. (rElec)
You can survive without breathing.
You are immune to petrification.
You are immune to rotting.
You are very agile. (Dex +4)
Your natural rate of healing is unusually fast.
Your spells are a little harder to cast, but a little more powerful.
You evolve.
Potions are less effective at restoring your health.


Message History

The acid blob is moderately wounded.
The acid blob hits you!!
You are splashed with acid!
The acid burns!
You resist.
* * * LOW HITPOINT WARNING * * *
You impale the acid blob!! You burn the acid blob!
Your hands burn!
* * * LOW HITPOINT WARNING * * *
The acid blob is heavily wounded.
The acid blob hits you but does no damage.
Unknown command.
You feel agile all of a sudden. The acid blob hits you!
* * * LOW HITPOINT WARNING * * *
You are splashed with acid!
The acid burns!
You resist.
* * * LOW HITPOINT WARNING * * *
Unknown command.
As you read the scroll of fear, it crumbles to dust.
You assume a fearsome visage.
The acid blob resists with almost no effort.
The acid blob hits you!
You die...

...##......#...####..p.......###
...#......#.#...###......#####
#..............#.##.....## ..##
.................# ...
.#....P##.#.P...### ...# ...###
###.....## ##.......# ......
#.......... J...P. #@....##....
...... #######J...#####.P
.#....###..#.##?...P## ..
....$...J.^..........#
##...?.#......#.#..###
#..........P.......#
#.........P#........
###...##........####P ####
###...P.## #


You could see an acid blob.

Vanquished Creatures
  An acid blob (Lair:5)
  Gastronok (Lair:1)
  Kirke (Lair:5)
  A fire dragon (Volcano)
  3 hydras
  A two-headed ogre (D:7)
  Urug (Lair:2)
  A lindwurm (Volcano)
  A cyclops (D:11)
  Joseph (Lair:1)
  A guardian serpent (Lair:1)
  4 black mambas
  A molten gargoyle (Volcano)
  4 spiny frogs
  3 komodo dragons
  A troll (D:9)
  A merfolk (D:9)
  5 blink frogs
  3 hippogriffs
  24 yaks
  A shadow (D:11)
  3 wyverns
  3 wraiths (D:9)
  11 fire bats (Volcano)
  3 basilisks
  A hog (Lair:5)
  2 hungry ghosts
  Menkaure (D:5)
  2 steam dragons (Volcano)
  9 water moccasins
  A hell hound (Volcano)
  4 porcupines
  5 sky beasts
  2 black bears
  3 orc warriors
  3 ice beasts
  An ogre (D:4)
  2 phantoms
  7 centaurs
  3 crocodiles
  2 elf zombies (D:9)
  10 bullfrogs
  A wyvern zombie (D:10)
  2 scorpions
  A wyvern skeleton (D:11)
  A water moccasin skeleton (D:11)
  4 killer bees (D:9)
  2 howler monkeys
  An electric eel (Lair:4)
  5 lava snakes (Volcano)
  6 crimson imps
  A bullfrog zombie (D:6)
  3 hounds
  3 human zombies (D:9)
  5 orc priests
  9 jellies
  Crazy Yiuf (D:4)
  A centaur skeleton (D:4)
  A bullfrog skeleton (D:6)
  2 human skeletons (D:9)
  2 iguanas
  8 worker ants
  6 orc wizards
  A hound zombie (D:5)
  2 hound skeletons
  A mummy (D:9)
  3 worker ant zombies
  3 gnolls (D:3)
  14 adders
  4 river rats (D:6)
  4 shadow imps
  14 oozes
  3 adder skeletons
  7 worms
  6 leopard geckos
  30 orcs
  7 ball pythons
  12 bats
  2 giant cockroaches
  7 goblins
  11 hobgoblins
  9 jackals
  3 quokkas
  8 frilled lizards
  8 kobolds
  2 leopard gecko zombies (D:5)
  An orc skeleton (D:9)
  12 rats
377 creatures vanquished.

Vanquished Creatures (others)
  2 humans (Lair:5)
  An ogre (D:6)
  9 fungi
12 creatures vanquished.

Grand Total: 389 creatures vanquished

Notes
Turn   | Place    | Note
-------+----------+-------------------------------------------
     0 | D:1      | brickhouse the Gargoyle Fighter began the quest for the Orb.
     0 | D:1      | Reached XP level 1. HP: 14/14 MP: 1/1
   326 | D:1      | Reached XP level 2. HP: 10/19 MP: 2/2
  1078 | D:1      | Reached XP level 3. HP: 23/23 MP: 3/3
  1289 | D:1      | Reached skill level 3 in Maces & Flails
  1855 | D:2      | Found a sacrificial altar of Ru.
  1909 | D:2      | Found a burning altar of Makhleb.
  1921 | D:2      | Found a hide-covered altar of Uskayaw.
  2012 | D:2      | Reached XP level 4. HP: 28/28 MP: 4/4
  2152 | D:2      | Found an ornate altar of the Wu Jian Council.
  2236 | D:2      | Became a worshipper of Makhleb the Destroyer
  2598 | D:3      | Reached XP level 5. HP: 22/33 MP: 5/5
  2731 | D:3      | Found a deep blue altar of Sif Muna.
  2974 | D:3      | Reached skill level 1 in Invocations
  3287 | D:4      | Reached skill level 4 in Maces & Flails
  3310 | D:4      | Reached XP level 6. HP: 37/38 MP: 7/7
  3881 | D:4      | Found Fuled's Antique Armour Shoppe.
  3895 | D:4      | Bought a shiny helmet for 247 gold pieces
  4284 | D:4      | Found a runed door.
  4288 | D:4      | Noticed Crazy Yiuf
  4297 | D:4      | Killed Crazy Yiuf
  4297 | D:4      | Reached XP level 7. HP: 43/44 MP: 5/8
  4515 | D:4      | Found a bloodstained altar of Trog.
  4575 | D:5      | Entered Level 5 of the Dungeon
  4689 | D:5      | Reached skill level 5 in Maces & Flails
  4872 | D:5      | Reached skill level 5 in Shields
  5209 | D:5      | Reached * piety under Makhleb
  5304 | D:5      | Noticed Menkaure
  5324 | D:5      | Killed Menkaure
  5324 | D:5      | Reached skill level 5 in Fighting
  5324 | D:5      | Reached skill level 5 in Armour
  5324 | D:5      | Reached XP level 8. HP: 19/49 MP: 10/10
  5840 | D:6      | Found a glowing golden altar of the Shining One.
  5880 | D:6      | Reached skill level 6 in Maces & Flails
  6108 | D:6      | Found a glowing drain.
  6115 | Sewer    | Entered a sewer
  6352 | Sewer    | Reached ** piety under Makhleb
  6463 | Sewer    | Gained mutation: You evolve. [potion of mutation]
  6463 | Sewer    | Gained mutation: You are agile. (Dex +2) [potion of mutation]
  6895 | D:6      | Gained mutation: Potions are less effective at restoring your health. [evolution]
  6928 | D:6      | Reached skill level 7 in Maces & Flails
  6928 | D:6      | Reached XP level 9. HP: 54/55 MP: 12/12
  7929 | D:7      | Found a shattered altar of Ashenzari.
  7953 | D:7      | Noticed a two-headed ogre
  7971 | D:7      | Killed a two-headed ogre
  7971 | D:7      | Reached skill level 5 in Invocations
  8008 | D:7      | Reached skill level 8 in Maces & Flails
  8020 | D:7      | Found a snail-covered altar of Cheibriados.
  8118 | D:7      | Reached *** piety under Makhleb
  8220 | D:8      | Found a staircase to the Lair.
  8239 | D:8      | Found a basalt altar of Yredelemnul.
  8452 | D:8      | Reached XP level 10. HP: 48/61 MP: 14/14
  8639 | D:8      | Got an ancient pewter amulet
  8640 | D:8      | Identified the amulet of Ojueriqoba {*Corrode rPois rF+ Regen+ Int+4} (You found it on level 8 of the Dungeon)
  9371 | D:9      | Reached skill level 9 in Maces & Flails
  9594 | D:9      | Gained mutation: You are very agile. (Dex +4) [evolution]
  9613 | D:9      | Reached **** piety under Makhleb
  9673 | D:9      | Found an ancient bone altar of Kikubaaqudgha.
 10154 | D:9      | Reached skill level 10 in Maces & Flails
 10246 | D:10     | Entered Level 10 of the Dungeon
 10256 | D:10     | Reached XP level 11. HP: 68/68 MP: 16/16
 10447 | D:10     | Found Niej's Armour Boutique.
 10691 | D:11     | Reached ***** piety under Makhleb
 11361 | D:11     | Noticed a cyclops
 11379 | D:11     | Killed a cyclops
 11582 | Lair:1   | Entered Level 1 of the Lair of Beasts
 11762 | Lair:1   | Reached skill level 11 in Maces & Flails
 11869 | Lair:1   | Noticed Gastronok
 11897 | Lair:1   | Killed Gastronok
 12152 | Lair:1   | Noticed Joseph
 12172 | Lair:1   | Killed Joseph
 12297 | Lair:1   | Gained mutation: Your natural rate of healing is unusually fast. [evolution]
 12450 | Lair:2   | Reached XP level 12. HP: 75/75 MP: 18/18
 12595 | Lair:2   | Found a staircase to the Snake Pit.
 12693 | Lair:2   | Noticed Urug
 12727 | Lair:2   | Killed Urug
 12906 | Lair:2   | Found a dark tunnel.
 12911 | Volcano  | Entered a volcano
 12980 | Volcano  | Reached skill level 12 in Maces & Flails
 13069 | Volcano  | Found a burning altar of Makhleb.
 13172 | Volcano  | Noticed a fire dragon
 13338 | Volcano  | Killed a fire dragon
 13389 | Volcano  | Identified a scroll of acquirement
 13390 | Volcano  | Got a fine brass ring
 13392 | Volcano  | Identified the ring of Symmetry {rPois MR+ Int+10 Dex+4 Stlth-} (You acquired it in a volcano)
 13530 | Lair:2   | Reached skill level 10 in Armour
 13771 | Lair:2   | Found a staircase to the Shoals.
 13846 | Lair:2   | Reached skill level 10 in Fighting
 14120 | Lair:3   | Noticed a six-headed hydra
 14126 | Lair:3   | Killed a six-headed hydra
 14483 | Lair:3   | Noticed a four-headed hydra
 14491 | Lair:3   | Killed a four-headed hydra
 14504 | Lair:3   | Gained mutation: Your spells are a little harder to cast, but a little more powerful. [evolution]
 14590 | Lair:3   | Reached skill level 13 in Maces & Flails
 14590 | Lair:3   | Reached XP level 13. HP: 81/82 MP: 20/20
 14786 | Lair:3   | Reached ****** piety under Makhleb
 15899 | Lair:5   | Noticed Kirke
 15916 | Lair:5   | Killed Kirke
 16082 | Lair:5   | Found a viscous altar of Jiyva.
 16083 | Lair:5   | Noticed an acid blob
 16083 | Lair:5   | Found a runed door.
 16086 | Lair:5   | Found a staircase to the Slime Pits.
 16087 | Lair:5   | Noticed an acid blob
 16098 | Lair:5   | Reached skill level 10 in Invocations
 16126 | Lair:5   | Killed an acid blob
 16358 | Lair:5   | Mangled by an acid blob

Vault maps used:
D:1:      minmay_arrival_nine_rooms, serial_forest, infiniplex_forest_fountain,
          infiniplex_forest_clump_long, infiniplex_forest_clump_tiny,
          infiniplex_forest_lined_room_2
D:2:      eat_drink_and_be_merry_uskayaw, lemuel_coloured_pillars_altar,
          lemuel_round_altar, lemuel_round_altar, serial_glass, glass_columns_a,
          glass_columns_b, first_bread, minmay_misc_feat_rugged
D:3:      overflow_temple_1_default, kennysheep_doodads, saegor_snake_ambush
D:4:      minmay_temple_entry_fiery, serial_shops, shop_coins,
          grunt_decor_resistance, trog_butcher_becter, uniq_crazy_yiuf_cottage
D:5:      uniq_menkaure
D:6:      lightli_sewer_entry_pipes, nicolae_tso_carved_into_rock
D:7:      ashenzari_conservatory_becter, marbit_many_paths
D:8:      yredelemnul_altar_generic, lair_entry_dummy
D:9:      lemuel_mausoleum_altar_kikubaaqudgha, hangedman_fish_farm
D:10:     serial_shops, nicolae_shop_crystal
Lair:1:   uniq_joseph, uniq_gastronok
Lair:2:   shoals_dummy_entry, minmay_snake_entry_spellcaster, enter_volcano_4,
          uniq_urug
Lair:3:   lemuel_slime, cheibrodos_lair_reptile_den
Lair:4:   serial_bayou_shore_a, grunt_megastairs_3, serial_bayou_shore_b,
          infiniplex_staircase_pool
Lair:5:   slime_altar_2, lemuel_fruit_tree, uniq_kirke
Sewer:    sewer_fruit_machine
Volcano:  volcano_grotto

Skill      XL: |  1  2  3  4  5  6  7  8  9 10 11 12 13 |
---------------+----------------------------------------+-----
Maces & Flails | 3 4 5 7 8 10 11 13 | 13.6
Shields        | 4 5 6 7 8 9 |  9.0
Fighting       | 4 5 6 7 8 10 | 10.7
Invocations    | 1 2 3 4 5 6 8 9 10 | 10.1
Armour         | 4 5 6 7 9 10 | 10.9

Action                   |  1- 3 |  4- 6 |  7- 9 | 10-12 | 13-15 || total
-------------------------+-------+-------+-------+-------+-------++-------
Melee: Flail             |   193 |   173 |   666 |  1126 |       ||  2158
       Eveningstar       |       |       |       |   137 |   132 ||   269
Throw: Stone             |       |     2 |       |       |       ||     2
Evoke: Wand              |       |       |     3 |     3 |       ||     6
  Use: Potion            |       |     1 |     4 |    10 |     1 ||    16
       Scroll            |       |    10 |     6 |    10 |     8 ||    34
 Stab: Invisible         |       |       |       |     8 |       ||     8
  Eat: Chunk             |     4 |     6 |    14 |    12 |     1 ||    37
       Bread ration      |       |       |     2 |     3 |     1 ||     6
Armor: Scale mail        |   135 |   100 |    39 |       |       ||   274
       Plate armour      |       |       |   409 |   989 |    96 ||  1494
Dodge: Dodged            |    79 |    52 |   117 |   237 |    24 ||   509
Block: Shield            |   142 |    74 |   387 |   782 |    76 ||  1461

Table legend:
 A = Spawn XP
 B = Non-spawn XP
 C = Spawn XP percentage of total XP
 D = Spawn monster count
 E = Non-spawn monster count
 F = Spawn count percentage of total count
 G = Total turns spent on level
                    A         B        C        D         E        F      G
               +---------+---------+-------+---------+---------+-------+---------
         Total |    1489 |   40261 |   3.6 |      31 |     346 |   8.2 | 16358
               +---------+---------+-------+---------+---------+-------+---------
           D:1 |       6 |      36 |  14.3 |       3 |      23 |  11.5 |  1542
           D:2 |       9 |      40 |  18.4 |       6 |      17 |  26.1 |   705
           D:3 |       3 |     168 |   1.8 |       2 |      16 |  11.1 |  1014
           D:4 |       0 |     449 |   0.0 |       0 |      15 |   0.0 |  1314
           D:5 |      38 |     626 |   5.7 |       2 |      12 |  14.3 |  1225
           D:6 |      96 |     964 |   9.1 |       2 |      25 |   7.4 |  1264
           D:7 |      47 |    1581 |   2.9 |       5 |      16 |  23.8 |   654
           D:8 |     110 |     721 |  13.2 |       1 |      16 |   5.9 |  1031
           D:9 |     320 |    3878 |   7.6 |       2 |      44 |   4.3 |  1082
          D:10 |       0 |     494 |   0.0 |       0 |       6 |   0.0 |   391
          D:11 |     174 |    3572 |   4.6 |       5 |      27 |  15.6 |   881
        Lair:1 |       0 |    5993 |   0.0 |       0 |      17 |   0.0 |   923
        Lair:2 |     447 |    4636 |   8.8 |       1 |      18 |   5.3 |  1037
        Lair:3 |       0 |    3256 |   0.0 |       0 |      31 |   0.0 |   876
        Lair:4 |     239 |    2140 |  10.0 |       2 |       8 |  20.0 |   940
        Lair:5 |       0 |    6968 |   0.0 |       0 |      11 |   0.0 |   464
         Sewer |       0 |      63 |   0.0 |       0 |      22 |   0.0 |   479
       Volcano |       0 |    4676 |   0.0 |       0 |      22 |   0.0 |   536
               +---------+---------+-------+---------+---------+-------+---------
